 Dungeon Crawl Stone Soup version 0.31.0-12-g77e489cdc1 (webtiles) character file.

Game seed: 11489384145882171996

137 Gadfly the Shooter (level 5, -4/32 HPs)
             Began as a Kobold Hunter on Feb 15, 2024.
             Killed from afar by Natasha (12 damage)
             ... with a puff of flame
             ... on level 2 of the Dungeon.
             The game lasted 00:03:04 (2233 turns).

Gadfly the Shooter (Kobold Hunter)                  Turns: 2233, Time: 00:03:04

Health: -4/32      AC:  3    Str:  9    XL:     5   Next: 43%
Magic:  6/6        EV: 15    Int: 10    God:
Gold:   61         SH:  0    Dex: 20    Spells: 4/4 levels left

rFire   . . .        a - +0 shortbow
rCold   . . .        (shield currently unavailable)
rNeg    . . .        c - +0 leather armour
rPois   .            (no helmet)
rElec   .            (no cloak)
rCorr   .            (no gloves)
SInv    .            (no boots)
Will    .....        (no amulet)
Stlth   +++          (no ring)
HPRegen 0.25/turn    (no ring)
MPRegen 0.10/turn

%: no passive effects
@: no status effects
A: small, no large weapons, nightstalker 3
a: no special abilities


You were on level 2 of the Dungeon.
You visited 1 branch of the dungeon, and saw 2 of its levels.

You collected 61 gold pieces.

Inventory:

Hand Weapons
 a - a +0 shortbow (weapon)
 b - a +0 short sword of venom
Armour
 c - a +0 leather armour (worn)
Scrolls
 j - a scroll of butterflies
 k - a scroll of teleportation
Potions
 d - 2 potions of might {unknown}
 e - a potion of haste
 g - 2 potions of curing {unknown}
 l - 2 potions of heal wounds {unknown}


   Skills:
 + Level 2.9 Fighting
 + Level 5.8 Ranged Weapons
 + Level 3.1 Dodging
 - Level 1.3 Stealth
 * Level 2.4 Invocations
 * Level 2.8 Evocations


You had 4 spell levels left.
You didn't know any spells.
Your spell library contained the following spells:

 Spells                   Type           Power      Damage    Failure   Level
 Freeze                   Ice            0%         1d3       47%         1
 Inner Flame              Hex/Fire       0%         N/A       85%         3
 Irradiate                Conj/Alch      0%         3d11      100%        5
 Ignition                 Fire           0%         3d3       100%        8


Dungeon Overview and Level Annotations

Branches:
Dungeon (2/15)

Altars:

Annotations:
D:2 Natasha


Innate Abilities, Weirdness & Mutations

You are small and have problems with some larger weapons.
You are completely attuned to the shadows.


Message History

You drop a potion of invisibility.
There is an open door here.
You start waiting.
Done waiting.
Okay, then.
You start waiting.
Done waiting.
Natasha, Servant of Life and Death comes into view.
Natasha moves out of view.
You start waiting.
Natasha is nearby!
You shoot an arrow.
Natasha hisses angrily.
The arrow hits Natasha!
Natasha is severely wounded.
You shoot an arrow. The arrow hits Natasha!
You kill Natasha!
Natasha screams in pain as she dies!
No target in view!
You start waiting.
Done waiting.
Natasha, Servant of Life and Death comes into view.
She is carrying a wand of flame.
Natasha casts a spell.
You shoot an arrow. The arrow hits Natasha.
Natasha is moderately wounded.
Natasha zaps a wand.
The puff of flame misses you. The cerulean imp misses you.
You shoot an arrow. The arrow barely misses Natasha.
The cerulean imp hits you from afar with a +1 spear.
Natasha stares at you and mumbles some strange words.
The magic dart hits you!
You shoot an arrow. The arrow closely misses Natasha.
The cerulean imp hits you from afar with a +1 spear.
Natasha casts a spell at you. The magic dart hits you!
* * * LOW HITPOINT WARNING * * *
You are too injured to fight recklessly!
You are too injured to fight recklessly!
Natasha zaps a wand.
The puff of flame hits you!
You die...
Natasha curls up and begins to purr.

...'.........#.# #.#
...##.......##.######## #.#
...##.................# #.#
...##.........>.......#
####.##
...##.................#
#.....#
...##.................#
#.#####
...##'######......>...# #.#
...#..<.# #..........# #.#
...#....####....@.5...# #.#
........#........h....#####.#
......................'.....#
......##..............#######
......##.....######'###
......##.....# #.#
.....##############.####
.....# #..†.....# .....#
#........#


You could see Natasha and a cerulean imp (summoned).

Vanquished Creatures
  Jessica (D:2)
  Natasha (twice) (D:2)
  2 adders (D:2)
  3 dart slugs
  A ribbon worm (D:2)
  5 bats
  4 endoplasms
  A giant cockroach (D:2)
  3 hobgoblins (D:1)
  2 quokkas
  3 ball pythons
  3 frilled lizards (D:1)
  5 goblins
  A kobold (D:1)
  3 rats
39 creatures vanquished.

Notes
Turn   | Place    | Note
-------+----------+-------------------------------------------
     0 | D:1      | Gadfly the Kobold Hunter began the quest for the Orb.
     0 | D:1      | Reached XP level 1. HP: 12/12 MP: 1/1
   106 | D:1      | Found a faded altar of an unknown god.
   110 | D:1      | Got Plato's Grimoire of Hypothermia
   172 | D:1      | Reached XP level 2. HP: 17/17 MP: 2/2
   295 | D:1      | Reached skill level 1 in Evocations
   306 | D:1      | Reached skill level 1 in Invocations
   450 | D:1      | Reached XP level 3. HP: 22/22 MP: 3/3
   774 | D:2      | Noticed Jessica
   780 | D:2      | Killed Jessica
   781 | D:2      | Reached XP level 4. HP: 27/27 MP: 3/5
  1559 | D:2      | Noticed Natasha
  1564 | D:2      | Killed Natasha
  1565 | D:2      | Reached XP level 5. HP: 26/32 MP: 6/6
  2013 | D:2      | Noticed Natasha
  2028 | D:2      | Killed Natasha
  2227 | D:2      | Noticed Natasha
  2233 | D:2      | Killed from afar by Natasha

Illustrated notes

Levels and vault maps discovered:
D:1:      spicycebolla_green_bress_n_ham, layout_loops_ring, serial_glass,
          glass_columns_b, glass_columns_a, minmay_strange_pillars,
          feat_on_display, item_on_display_a, item_on_display_a,
          shapermc_ecumenical_altar_rom_forum, kennysheep_doodads,
          minmay_shallow_snake_nest
D:2:      layout_basic, uniq_jessica, uniq_natasha

Skill      XL: |  1  2  3  4 |
---------------+-------------+-----
Evocations     | 1 2 |  2.8
Invocations    | 1 2 |  2.4
Dodging        | 3 |  3.1
Fighting       | |  2.9
Ranged Weapons | |  5.8
Stealth        | |  1.3

Action                     |  1- 3 |  4- 6 || total
---------------------------+-------+-------++-------
  Melee: Short sword       |       |    37 ||    37
   Fire: Shortbow          |    48 |    21 ||    69
    Use: Scroll            |     3 |     4 ||     7
         Potion            |     1 |       ||     1
   Stab: Sleeping          |       |     7 ||     7
 Armour: Leather armour    |     3 |    18 ||    21
  Dodge: Dodged            |     6 |    24 ||    30
